 Dungeon Crawl Stone Soup version 0.28.0-49-g6dfe1f597d (webtiles) character file.

Game seed: 15047218075603604356

21443 nickcage the Spear-Bearer (level 12, -1/100 HPs)
             Began as a Demonspawn Chaos Knight on May 16, 2022.
             Was a Plaything of Xom.
             Killed from afar by a fire giant (30 damage)
             ... with a fireball
             ... on level 13 of the Dungeon.
             The game lasted 00:46:52 (12301 turns).

nickcage the Spear-Bearer (DsCK)                   Turns: 12301, Time: 00:46:52

Health: -1/100     AC: 13    Str: 21      XL:     12   Next: 54%
Magic:  12/12      EV:  5    Int: 15 (17) God:    Xom [.*....]
Gold:   490        SH: 13    Dex: 10      Spells: 11/11 levels left

rFire   + . .      SeeInvis +   k - +10 trident "Kere" {vamp, rPois rF+ rC+ Int+2}
rCold   + . .      Faith    .   L - +0 kite shield
rNeg    . . .      Spirit   .   y - +0 plate armour
rPois   +          Reflect  +   O - +0 helmet
rElec   .          Harm     .   G - +1 cloak {rPois}
rCorr   .          Rampage  .   (gloves unavailable)
Will    .....                   o - +1 pair of boots
Stlth   ..........              s - amulet of reflection
HPRegen 0.26/turn               v - ring of see invisible
MPRegen 0.13/turn               m - +6 ring of strength

@: unable to read
A: claws 3, demonic guardian 2, icemail 2, condensation shield, weakness stinger
1, clumsy 1, deformed body, deterioration 1, weak 1, inability to read while
threatened
a: Renounce Religion


You were on level 13 of the Dungeon.
You worshipped Xom.
You were a plaything of Xom.
You visited 1 branch of the dungeon, and saw 13 of its levels.
You also visited: Bailey.

You collected 1699 gold pieces.
You spent 1209 gold pieces at shops.

Inventory:

Hand Weapons
 a - a +1 mace of chaos
 c - a +1 halberd of venom
 k - the +10 trident "Kere" (weapon) {vamp, rPois rF+ rC+ Int+2}
   (You found it on level 2 of the Dungeon)

   It occasionally heals its wielder for a portion of the damage dealt when it
   wounds a living foe.
   Int:       It affects your intelligence (+2).
   rF:        It protects you from fire.
   rC:        It protects you from cold.
   rPois:     It protects you from poison.
 x - a +0 morningstar
Missiles
 d - 6 throwing nets
 h - 29 boomerangs (quivered)
Armour
 i - a scarf of invisibility
 o - a +1 pair of boots (worn)
 q - a +0 cloak
 y - a +0 plate armour (worn)
 G - a +1 cloak of poison resistance (worn)
 I - a +2 ring mail of poison resistance
 L - a +0 kite shield (worn)
 O - a +0 helmet (worn)
 R - a +3 scale mail of cold resistance
Jewellery
 m - a +6 ring of strength (right claw)
 s - an amulet of reflection (around neck)
 v - a ring of see invisible (left claw)
 D - a ring of resist corrosion
 E - an amulet of reflection
 M - an amulet of guardian spirit
 N - the amulet "Tibla" {rPois Regen+ Int+3}
   (Xom gifted it to you on level 12 of the Dungeon)

   [amulet of regeneration]

   Int:       It affects your intelligence (+3).
   rPois:     It protects you from poison.
   Regen:     It increases your rate of health regeneration.
 P - a ring of fire
Wands
 u - a wand of acid (4)
 B - a wand of mindburst (8)
 K - a wand of charming (4)
Scrolls
 e - 3 scrolls of noise
 f - 4 scrolls of amnesia
 j - 7 scrolls of teleportation
 t - 2 scrolls of fear
 A - 2 scrolls of blinking
 J - a scroll of summoning
Potions
 b - 2 potions of invisibility
 g - 5 potions of haste
 l - 2 potions of magic
 n - 5 potions of heal wounds
 p - 6 potions of curing
 r - 4 potions of might
 w - a potion of degeneration
 z - a potion of cancellation
 C - 3 potions of lignification
 F - a potion of brilliance
 H - a potion of resistance
 Q - a potion of attraction {unknown}


   Skills:
 + Level 11.5 Fighting
 - Level 3.8 Maces & Flails
 - Level 14.0 Polearms
 + Level 6.7 Armour
 - Level 0.8 Dodging
 * Level 5.2 Shields


You had 11 spell levels left.
You didn't know any spells.
Your spell library contained the following spells:

 Spells                   Type           Power      Damage    Failure   Level
 Animate Skeleton         Necr           0%         N/A       100%        1
 Magic Dart               Conj           0%         1d3       100%        1
 Pain                     Necr           0%         1d4       100%        1
 Sting                    Tmut/Pois      0%         1d3       100%        1
 Corpse Rot               Necr/Air       0%         N/A       100%        2
 Poisonous Vapours        Pois/Air       0%         N/A       100%        2
 Searing Ray              Conj           0%         2d4       100%        2
 Inner Flame              Hex/Fire       0%         N/A       100%        3
 Vampiric Draining        Necr           0%         2d6       100%        3
 Cause Fear               Hex            0%         N/A       100%        4
 Dispel Undead            Necr           0%         3d6       100%        4
 Fulminant Prism          Conj/Hex       0%         3d6       100%        4
 Olgreb's Toxic Radiance  Pois           0%         N/A       100%        4
 Death Channel            Necr           0%         N/A       100%        6
 Discord                  Hex            0%         N/A       100%        8


Dungeon Overview and Level Annotations

Branches:
Dungeon (13/15)            Temple (0/1) D:6            Lair (0/6) D:8
 Bailey (visited)
    Orc: D:9-12      Vaults: D:13-14

Altars:
Xom

Shops:
D:6 =   D:9 =

Annotations:
D:3 1 runed translucent door, GilGalad's ghost, amateur DjFE


Innate Abilities, Weirdness & Mutations

You have claws for hands.
A demonic guardian rushes to your aid.
A meltable icy envelope protects you from harm. (AC +0)
A meltable shield of frost defends you. (SH +0)
You have a small tail.
You are clumsy. (Dex -2)
Armour fits poorly on your strangely shaped body.
Your body sometimes deteriorates upon taking damage.
You are weak. (Str -2)
You sometimes lose the ability to read scrolls when taking damage.


Message History

The fire giant burns you.
You puncture the fire giant!
The fire giant is moderately wounded.
The +4 vampiric glaive hits you from afar!
You hit the fire giant but do no damage.
The fire giant is moderately wounded.
Xom's power touches on a nearby monster.
The ettin seems to speed up.
Your soul eater hits the fire giant but does no damage.
The fire giant hits you with a +1 great sword of flaming!
You feel threatened and lose the ability to read scrolls!
The fire giant burns you.
The +4 vampiric glaive hits you from afar!
Your body deteriorates!
You feel dopey.
A snapping turtle comes into view.
The snapping turtle hisses angrily.
The snapping turtle changes into an orb spider!
You block the +4 vampiric glaive's attack.
The orb spider changes into a glowing shapeshifter!
The ettin completely misses your soul eater.
The ettin hits your soul eater with a +0 dire flail!
The ettin closely misses your soul eater.
The ettin hits your soul eater with a +0 dire flail.
A fire giant comes into view.
It is wielding a +2 great sword of flaming.
The +4 vampiric glaive hits your soul eater!
Your soul eater barely misses the +4 vampiric glaive.
The +4 vampiric glaive misses your soul eater.
The ettin hits your soul eater with a +0 dire flail!!
Your soul eater dies!
Your soul eater disappears in a puff of smoke!
You see here a +2 vorpal war axe.
The fire giant points at you and mumbles some strange words.
The fireball explodes!
The fireball engulfs you! You resist.
* * * LOW HITPOINT WARNING * * *
Your body deteriorates!
You feel dopey.
You hear a shout!
The fire giant gestures at you while chanting.
The fireball explodes!
The fireball engulfs you!! You resist.
You die...
Xom is highly amused!

#....(.# ########## #......#
#........# #......# #........#
######......#
#.......<###....#......#####
#.........###.#............
#..........##........>.#.#..
#........#.?@..C.#.†.......#
##....######...C..##.......#
#...># ###...(#)###..... #....#
###.......#..###... #....#
#...#.....#.#..##.. #....#
#.#.......##§#..###
#....###..#........#(C#..C#
######...##..##........##.)#.#.
##...##......###.........##..##


You could see a fire giant, an ettin (fast) and a +4 vampiric glaive.

Vanquished Creatures
  Frances (D:12)
  A boulder beetle (D:9)
  A two-headed ogre (D:10)
  2 centaur warriors (D:13)
  3 skeletal warriors (D:12)
  2 manticores
  5 slime creatures (D:12)
  2 ugly things
  A cane toad (shapeshifter) (D:13)
  A gargoyle (D:12)
  A komodo dragon (D:8)
  3 trolls
  A hornet (D:11)
  4 yaks
  A shadow (D:11)
  2 wraiths (D:11)
  A wyvern (D:8)
  Grum (D:11)
  A redback (D:13)
  10 vampire mosquitoes
  2 water moccasins
  A sky beast (D:6)
  2 black bears
  A necrophage (D:6)
  5 orc warriors
  3 ice beasts (D:7)
  2 ogres
  3 wolves
  4 centaurs
  A phantom (D:5)
  5 kobold brigands
  A bullfrog (D:9)
  5 gnoll sergeants
  A scorpion (D:5)
  3 water moccasin zombies
  13 killer bees
  15 wights
  3 crimson imps (D:9)
  4 centaur zombies
  7 hounds (D:9)
  8 orc priests
  A bullfrog zombie (D:5)
  Crazy Yiuf (D:3)
  3 gnoll shamans (D:9)
  8 orc wizards
  3 iguanas
  Natasha (D:2)
  2 killer bee zombies (D:8)
  A howler monkey zombie (D:6)
  34 gnolls
  A howler monkey skeleton (D:7)
  11 adders
  A shadow imp (D:6)
  2 white imps
  An ufetubus (D:5)
  An adder skeleton (D:3)
  2 worms (D:2)
  3 dart slugs
  42 orcs
  8 ball pythons
  9 endoplasms
  5 giant cockroaches
  11 goblins
  4 hobgoblins
  9 jackals
  A quokka (D:3)
  5 bats
  2 frilled lizards (D:1)
  18 kobolds
  4 rats
327 creatures vanquished.

Vanquished Creatures (collateral kills)
  Josephine (D:11)
  A skeletal warrior (D:12)
  An orc knight (Bailey)
  A deep elf zephyrmancer (Bailey)
  A centaur zombie (D:11)
  A troll (D:11)
  A wraith (D:11)
  A vampire mosquito (D:9)
  7 orc warriors
  An orc priest (D:3)
  A gnoll shaman (D:5)
  3 gnolls (D:5)
  5 orcs
  An endoplasm (D:3)
  A hobgoblin (D:3)
  2 rats (D:3)
29 creatures vanquished.

Vanquished Creatures (others)
  An orc warrior (D:9)
  7 plants
8 creatures vanquished.

Grand Total: 364 creatures vanquished

Notes
Turn   | Place    | Note
-------+----------+-------------------------------------------
     0 | D:1      | nickcage the Demonspawn Chaos Knight began the quest for
                  | the Orb.
     0 | D:1      | Reached XP level 1. HP: 18/18 MP: 1/1
   260 | D:1      | XOM: noise
   287 | D:1      | Gained mutation: A weak demonic guardian rushes to your
                  | aid. [demonic ancestry]
   287 | D:1      | Reached XP level 2. HP: 24/24 MP: 2/2
   294 | D:1      | XOM: silly message
   740 | D:1      | XOM is BORED!
   942 | D:1      | Discovered your monstrous ancestry.
   942 | D:1      | Gained mutation: You have a small tail. [demonic ancestry]
   942 | D:1      | Reached XP level 3. HP: 29/29 MP: 3/3
   990 | D:1      | XOM: god gift: scarf of invisibility
  1107 | D:1      | XOM: torment (16/29 hp)
  1281 | D:1      | XOM: cloud trail
  1396 | D:1      | XOM: torment (16/30 hp)
  1428 | D:2      | XOM: noise
  1428 | D:2      | Noticed Natasha
  1431 | D:2      | XOM: summons friendly ufetubus
  1432 | D:2      | Killed Natasha
  1605 | D:2      | Gained mutation: You have sharp fingernails. [demonic
                  | ancestry]
  1605 | D:2      | Reached XP level 4. HP: 37/37 MP: 4/4
  1685 | D:2      | Identified the +10 trident "Kere" {vamp, rPois rF+ rC+
                  | Int+2}
  1687 | D:2      | XOM: 1-stop teleportation journey
  1694 | D:2      | XOM: confuse monster(s)
  1814 | D:2      | Reached skill level 1 in Polearms
  2187 | D:2      | XOM: enchant monster (bad)
  2191 | D:2      | Gained mutation: You have very sharp fingernails. [demonic
                  | ancestry]
  2191 | D:2      | Reached XP level 5. HP: 43/43 MP: 5/5
  2589 | D:3      | XOM: stealth player
  2597 | D:3      | Found a runed translucent door.
  2605 | D:3      | Noticed GilGalad's ghost (amateur DjFE)
  2654 | D:3      | Reached skill level 2 in Polearms
  2696 | D:3      | XOM: 2-stop teleportation journey
  2845 | D:3      | Found a runed translucent door.
  2846 | D:3      | Noticed Crazy Yiuf
  2851 | D:3      | Killed Crazy Yiuf
  2852 | D:3      | Reached skill level 3 in Polearms
  2881 | D:3      | XOM: scenery: create altars
  3035 | D:3      | XOM: summons 5 friendly demons
  3045 | D:3      | Gained mutation: A meltable shield of frost defends you.
                  | (SH +0) [demonic ancestry]
  3045 | D:3      | Reached XP level 6. HP: 37/49 MP: 6/6
  3049 | D:3      | XOM: polymorph shadow imp -> quasit
  3139 | D:3      | Reached skill level 4 in Polearms
  3170 | D:3      | XOM: scenery: summon butterflies
  3184 | D:3      | XOM: 2-stop teleportation journey
  3446 | D:4      | XOM: butterfly on damage
  3697 | D:4      | Reached skill level 5 in Polearms
  3697 | D:4      | Gained mutation: A meltable icy envelope protects you from
                  | harm. (AC +0) [demonic ancestry]
  3697 | D:4      | Reached XP level 7. HP: 55/55 MP: 7/7
  3785 | D:4      | XOM: scenery: create altars
  3873 | D:4      | XOM: god gift: scroll labelled TIASIDE CUME {god gift}
  3969 | D:5      | Entered Level 5 of the Dungeon
  4067 | D:5      | XOM: god gift: 4 javelins
  4107 | D:5      | Reached skill level 5 in Fighting
  4141 | D:5      | Reached skill level 6 in Polearms
  4156 | D:5      | XOM: chaos cloud
  4158 | D:5      | Paralysed by you for 6 turns
  4171 | D:5      | Paralysed by you for 3 turns
  4437 | D:5      | Gained mutation: You have claws for hands. [demonic
                  | ancestry]
  4437 | D:5      | Reached XP level 8. HP: 62/62 MP: 8/8
  4645 | D:5      | Reached skill level 7 in Polearms
  4817 | D:6      | Found a staircase to the Ecumenical Temple.
  4838 | D:6      | XOM: cast spell 'Cause Fear'
  4854 | D:6      | Reached skill level 8 in Polearms
  4899 | D:6      | XOM: noise
  5123 | D:6      | XOM: 3-stop teleportation journey
  5191 | D:6      | XOM: give mutations
  5191 | D:6      | Gained mutation: Your mind is acute. (Int +2) [Xom's grace]
  5191 | D:6      | Gained mutation: You possess an exceptional clarity of
                  | mind. [Xom's grace]
  5444 | D:6      | Found Fyakh's Jewellery Emporium.
  5516 | D:6      | Reached skill level 9 in Polearms
  5587 | D:7      | XOM: confuse monster(s)
  5593 | D:7      | Reached XP level 9. HP: 50/69 MP: 9/9
  6121 | D:7      | Reached skill level 10 in Polearms
  6165 | D:7      | Identified a scroll of acquirement
  6165 | D:7      | Acquired 763 gold pieces
  6173 | D:7      | XOM is BORED!
  6173 | D:7      | XOM: give mutations
  6173 | D:7      | Gained mutation: You are clumsy. (Dex -2) [Xom's mischief]
  6173 | D:7      | Gained mutation: You are frail. (-10% HP) [Xom's mischief]
  6217 | D:6      | XOM: god gift: 7 stones
  6246 | D:6      | Bought an amulet of reflection for 390 gold pieces
  6541 | D:7      | XOM: give mutations
  6541 | D:7      | Lost mutation: You are frail. (-10% HP) [Xom's mischief]
  6541 | D:7      | Lost mutation: Your mind is acute. (Int +2) [Xom's
                  | mischief]
  6541 | D:7      | Gained mutation: You have hidden genetic potential. [Xom's
                  | mischief]
  6541 | D:7      | Gained mutation: Your body sometimes deteriorates upon
                  | taking damage. [Xom's mischief]
  6887 | D:8      | Reached skill level 11 in Polearms
  7085 | D:8      | Gained mutation: A meltable icy envelope protects you from
                  | harm. (AC +0) [demonic ancestry]
  7085 | D:8      | Reached XP level 10. HP: 77/77 MP: 10/10
  7189 | D:8      | XOM: give mutations
  7189 | D:8      | Gained mutation: You have sharp toenails. [Xom's mischief]
  7189 | D:8      | Lost mutation: You possess an exceptional clarity of mind.
                  | [Xom's mischief]
  7335 | D:8      | XOM: god gift: glowing ring mail {god gift}
  7509 | D:8      | Found a staircase to the Lair.
  7519 | D:8      | XOM: cleaving
  7528 | D:8      | Reached skill level 12 in Polearms
  7743 | D:9      | XOM: summons 10 friendly demons
  7751 | D:9      | Gained mutation: You passively map a small area around you.
                  | [hidden potential]
  7785 | D:9      | XOM: enchant monster (bad)
  7804 | D:9      | XOM: 2-stop teleportation journey
  7811 | D:9      | XOM: stat loss: -1 Dex (9/10)
  7814 | D:9      | XOM: silly message
  7959 | D:9      | Noticed a boulder beetle
  7984 | D:9      | XOM: confuse monster(s)
  8195 | D:9      | Found Giot's Jewellery Shop.
  8203 | D:9      | Bought a +6 ring of strength for 819 gold pieces
  8226 | D:9      | Found a flagged portal.
  8249 | Bailey   | Entered a bailey
  8429 | Bailey   | Noticed an orc knight
  8438 | Bailey   | Killed an orc knight
  8439 | Bailey   | Reached skill level 13 in Polearms
  8533 | Bailey   | XOM: 2-stop teleportation journey
  8578 | Bailey   | Found a large runed translucent door.
  8578 | Bailey   | Found a large runed translucent door.
  8612 | Bailey   | Noticed a deep elf zephyrmancer
  8699 | Bailey   | XOM: confuse monster(s)
  8700 | Bailey   | XOM: cast spell 'Summon Hydra'
  8706 | Bailey   | Killed a deep elf zephyrmancer
  8841 | D:9      | XOM: divine lightning
  8882 | D:9      | Lost mutation: You have sharp toenails. [potion of
                  | mutation]
  8882 | D:9      | Lost mutation: You have hidden genetic potential. [potion
                  | of mutation]
  8882 | D:9      | Lost mutation: You passively map a small area around you.
                  | [potion of mutation]
  8882 | D:9      | Gained mutation: You sometimes lose the ability to read
                  | scrolls when taking damage. [potion of mutation]
  8986 | D:9      | Reached XP level 11. HP: 85/85 MP: 11/11
  9154 | D:9      | Found a shimmering altar of Xom.
  9178 | D:9      | XOM: divination: detect items
  9183 | D:9      | XOM: enchant monster (bad)
  9186 | D:9      | Killed a boulder beetle
  9187 | D:9      | Reached skill level 14 in Polearms
  9482 | D:10     | Entered Level 10 of the Dungeon
  9522 | D:10     | XOM: cleaving
  9528 | D:10     | XOM: summons friendly ufetubus
  9532 | D:9      | XOM: summons 7 friendly demons
  9581 | D:10     | XOM: cleaving
  9603 | D:10     | Identified the +4 ring mail of Beogh {Harm *Corrode Int+5
                  | SInv}
  9678 | D:10     | XOM: cleaving
  9684 | D:10     | XOM: summons friendly ufetubus
  9807 | D:10     | Noticed a two-headed ogre
  9812 | D:10     | Killed a two-headed ogre
 10026 | D:11     | Noticed a brown ugly thing
 10214 | D:11     | XOM: summons friendly shadow imp
 10219 | D:11     | Reached skill level 10 in Fighting
 10219 | D:11     | Noticed Grum
 10219 | D:11     | XOM: 8-stop teleportation journey
 10266 | D:11     | XOM: potion effect (curing)
 10302 | D:11     | Killed a brown ugly thing
 10346 | D:11     | XOM: silly message
 10530 | D:11     | Noticed Josephine
 10530 | D:11     | XOM: cast spell 'Call Canine Familiar'
 10532 | D:11     | XOM: potion effect (brilliance)
 10538 | D:11     | XOM: destruction
 10545 | D:11     | Killed Josephine
 10546 | D:11     | Reached skill level 5 in Armour
 10546 | D:11     | Reached skill level 1 in Shields
 10657 | D:11     | XOM is BORED!
 10657 | D:11     | XOM: give mutations
 10657 | D:11     | Lost mutation: You are clumsy. (Dex -2) [Xom's mischief]
 10657 | D:11     | Gained mutation: Armour fits poorly on your strangely
                  | shaped body. [Xom's mischief]
 10657 | D:11     | Gained mutation: You are clumsy. (Dex -2) [Xom's mischief]
 10657 | D:11     | Gained mutation: You are weak. (Str -2) [Xom's mischief]
 10682 | D:11     | XOM: scenery: 2 doors close
 10751 | D:11     | XOM: god gift: scroll of noise
 10764 | D:11     | Killed Grum
 10842 | D:11     | XOM: god gift: knobbly wooden ring {god gift}
 11113 | D:12     | Gained mutation: A demonic guardian rushes to your aid.
                  | [demonic ancestry]
 11113 | D:12     | Reached XP level 12. HP: 87/99 MP: 12/12
 11169 | D:12     | XOM: cleaving
 11172 | D:12     | XOM: cleaving
 11176 | D:12     | XOM: cleaving
 11698 | D:12     | XOM: 5-stop teleportation journey
 11757 | D:12     | XOM: smoke on damage
 11800 | D:12     | Noticed Frances
 11803 | D:12     | XOM: confuse monster(s)
 11805 | D:12     | Identified the amulet "Tibla" {rPois Regen+ Int+3} (Xom
                  | gifted it to you on level 12 of the Dungeon)
 11805 | D:12     | XOM: god gift: amulet "Tibla" {rPois Regen+ Int+3}
 11825 | D:12     | Killed Frances
 11913 | D:12     | XOM: swap monsters
 11968 | D:12     | XOM: potion effect (curing)
 12005 | D:11     | XOM: silly message
 12117 | D:12     | XOM: chaos upgrade
 12119 | D:12     | XOM: confusion (+ monsters)
 12121 | D:12     | XOM: divine lightning
 12140 | D:13     | Noticed a centaur warrior
 12145 | D:13     | Killed a centaur warrior
 12206 | D:13     | XOM: stat loss: -1 Dex (9/10)
 12264 | D:13     | Reached skill level 5 in Shields
 12279 | D:13     | Noticed a centaur warrior
 12283 | D:13     | Killed a centaur warrior
 12285 | D:13     | Noticed a fire giant
 12286 | D:13     | Noticed an ettin
 12289 | D:13     | XOM: enchant monster (bad)
 12293 | D:13     | Noticed a fire giant
 12301 | D:13     | Killed from afar by a fire giant

Illustrated notes

Levels and vault maps discovered:
D:1:      elethiomel_arrival_infinity_welcomes_careful_drivers, layout_basic
D:2:      wad_river_or_something, layout_basic, serial_bayou_crossing,
          uniq_natasha
D:3:      layout_basic, hellmonk_ghost_happy_afterlife, uniq_crazy_yiuf_cottage
D:4:      layout_rooms
D:5:      layout_loops_cross
D:6:      layout_loops_ring, minmay_temple_entry_statues_pillars, serial_shops,
          kennysheep_mini, hex_large
D:7:      layout_basic, minmay_bent
D:8:      layout_basic, david_lair_shrubbed, st_stairs_5, lemuel_another_geyser
D:9:      layout_cave_pools, led_xom_imps, serial_gnoll_camp,
          gnoll_camp_huts_basic, gnoll_camp_mini_loothouse,
          gnoll_camp_mini_doghouse, gnoll_camp_mini_shop, gnoll_camp_medium_01,
          gnoll_camp_mini_sergeant, enter_bailey_5
D:10:     layout_cave_pools
D:11:     layout_roguey, uniq_josephine, uniq_grum
D:12:     layout_loops_ring, david_orc_5, uniq_frances
D:13:     minmay_bad_star, layout_rooms, david_vaults_2,
          gammafunk_ghost_necromancy, billiards_dpeg

Skill      XL: |  1  2  3  4  5  6  7  8  9 10 11 12 |
---------------+-------------------------------------+-----
Maces & Flails | 3 |  3.8
Fighting       | 4 5 6 7 10 11 | 11.5
Polearms       | 1 3 5 6 9 11 13 14 | 14.0
Armour         | 5 6 |  6.7
Shields        | 2 5 |  5.2
Dodging        | |  0.8

Action                   |  1- 3 |  4- 6 |  7- 9 | 10-12 || total
-------------------------+-------+-------+-------+-------++-------
Melee: Mace              |    53 |     3 |       |       ||    56
       Punch             |     1 |       |     2 |     2 ||     5
       Trident           |       |   130 |   312 |   639 ||  1081
       Tailslap          |       |     9 |    27 |    68 ||   104
Throw: Boomerang         |     2 |       |       |    17 ||    19
Evoke: Wand              |       |       |       |     4 ||     4
  Use: Scroll            |       |       |    17 |    10 ||    27
       Potion            |       |       |       |     1 ||     1
 Stab: Sleeping          |       |     2 |       |     1 ||     3
       Distracted        |       |       |       |     2 ||     2
Armor: Ring mail         |    13 |     5 |       |    49 ||    67
       Scale mail        |       |    39 |    83 |     4 ||   126
       Plate armour      |       |       |       |   151 ||   151
Dodge: Dodged            |    23 |    43 |    74 |    92 ||   232
Block: Other             |       |     4 |    42 |   136 ||   182
       Reflection        |       |       |       |    17 ||    17
       Kite shield       |       |       |       |    73 ||    73
